 Dungeon Crawl Stone Soup version 0.32-a0-931-g5a2cda0630 (webtiles) character file.

Game seed: 4438432128054994906

7916 jasper the Stormcaller (level 11, -12/64 (68) HPs)
             Began as a Tengu Air Elementalist on Apr 13, 2024.
             Was a Follower of Vehumet.
             Killed from afar by an efreet (31 damage)
             ... with a fireball
             ... on level 8 of the Dungeon.
             The game lasted 00:13:42 (10778 turns).

jasper the Stormcaller (Tengu Air Elementalist)    Turns: 10778, Time: 00:13:43

HP:   -12/64 (68)   AC:  7    Str:  9    XL:     11   Next: 22%
MP:   9/24          EV: 18    Int: 20    God:    Vehumet [*.....]
Gold: 309           SH:  0    Dex: 14    Spells: 4/14 levels left

rFire   . . .        (no weapon)
rCold   . . .        (no shield)
rNeg    . . .        A - +0 acid dragon scales
rPois   .            (helmet restricted)
rElec   .            w - +0 cloak
rCorr   +            (no gloves)
SInv    .            (boots unavailable)
Will    .....        (no amulet)
Stlth   ++           b - ring of magical power
HPRegen 0.30/turn    (no ring)
MPRegen 0.19/turn

%: acrobat
@: about to teleport, flying, drained
A: beak, talons 3, evasive flight, acrobatic
a: Renounce Religion


You were on level 8 of the Dungeon.
You worshipped Vehumet.
Vehumet was aware of your devotion.
You visited 2 branches of the dungeon, and saw 10 of its levels.

You collected 517 gold pieces.
You spent 208 gold pieces at shops.

Inventory:

Hand Weapons
 c - a +1 dagger of electrocution
 e - a +2 short sword of freezing
 p - a +0 vampiric falchion
 x - a +2 falchion of electrocution
Missiles
 g - 4 silver javelins
 r - a curare-tipped dart
Armour
 a - a +0 robe
 i - a +2 robe of willpower
 t - a +0 ring mail
 w - a +0 cloak (worn)
 y - +0 steam dragon scales
 A - +0 acid dragon scales (worn)
Jewellery
 b - a ring of magical power (left hand)
 d - a +6 ring of strength
Wands
 s - a wand of mindburst (16)
Scrolls
 l - 3 scrolls of amnesia
 m - 2 scrolls of teleportation
 v - a scroll of enchant weapon
Potions
 h - a potion of enlightenment
 j - a potion of berserk rage
 k - 3 potions of cancellation
 n - a potion of attraction
 o - 3 potions of lignification
 u - a potion of ambrosia {unknown}
 z - 2 potions of resistance


   Skills:
 + Level 8.3 Fighting
 + Level 9.4 Dodging
 - Level 2.0 Stealth
 - Level 2.0 Spellcasting
 - Level 5.0 Conjurations
 * Level 15.5 Air Magic


You had 4 spell levels left.
You knew the following spells:

 Your Spells              Type           Power      Damage    Failure   Level
a - Shock                 Conj/Air       100%       1d9       1%          1
b - Static Discharge      Conj/Air       86%        3-7/arc   1%          2
c - Swiftness             Air            59%        N/A       1%          3
d - Airstrike             Air            29%        2d(5-21)  1%          4

Your spell library contained the following spells:

 Spells                   Type           Power      Damage    Failure   Level
 Sting                    Conj/Alch      48%        1d6       10%         1
 Dispersal                Tloc           1%         N/A       100%        6
 Gell's Gavotte           Tloc           1%         2d(11-17) 100%        6
 Manifold Assault         Tloc           1%         N/A       100%        7
 Disjunction              Tloc           1%         N/A       100%        8


Dungeon Overview and Level Annotations

Branches:
Dungeon (9/15)             Temple (0/1) D:7            Lair (1/5) D:8
    Orc: D:9-12

Altars:
Cheibriados
Gozag
Sif Muna
Vehumet

Shops:
D:6 *   D:8 *

Annotations:
D:9 Psyche


Innate Abilities, Weirdness & Mutations

You have a beak for a mouth.
You have claws for feet.
Your magical flight helps you evade attacks. (EV +4)
You can magically evade attacks while moving or waiting.


Message History

You take 11 damage, and have 21/64 hp.
You now have 12/24 mp.
Casting: Airstrike (safe; 1% risk of failure)
Confirm with . or Enter, or press ? or * to list all spells.
The laughing skull is struck by an arc of lightning.
The laughing skull is severely damaged.
You are struck by an arc of lightning.
* * * LOW HITPOINT WARNING * * *
The laughing skull is struck by an arc of lightning.
The laughing skull is severely damaged.
You are struck by an arc of lightning.
* * * LOW HITPOINT WARNING * * *
The laughing skull is struck by an arc of lightning.
You destroy the laughing skull!
Vehumet accepts your kill.
The lightning grounds out.
You take 4 damage, and have 17/64 hp.
You now have 10/24 mp.
A shadow imp and a steam dragon come into view.
Found a pink potion.
The steam dragon hisses angrily.
Okay, then.
As you read the scroll of teleportation, it crumbles to dust.
You feel strangely unstable. The shadow imp closely misses you.
The shadow imp completely misses you.
Casting: Static Discharge (safe; 1% risk of failure)
Confirm with . or Enter, or press ? or * to list all spells.
The shadow imp is struck by an arc of lightning!
The shadow imp is severely wounded.
The steam dragon is struck by an arc of lightning.
The steam dragon is lightly wounded.
The wight is struck by an arc of lightning.
The wight is moderately damaged.
The steam dragon is struck by an arc of lightning.
The steam dragon is moderately wounded.
The lightning grounds out.
The shadow imp completely misses you. The efreet gestures at you.
The fireball explodes!
The tree burns like a torch!
The fireball engulfs the shadow imp!!
The shadow imp dies!
The fireball engulfs you!!
You die...

#...#♣.♣.♣♣♣.♣.♣.~~~.♣.♣.♣♣..
##..).♣.♣........~~~.........
##.#♣.♣.♣♣♣.♣.♣.~~~.♣.♣.♣♣..
#.#.♣.♣.#♣♣♣♣♣♣...♣♣♣♣♣♣#.♣
#.####### #♣.♣# ### ###
♣.♣♣♣♣♣♣♣#♣♣ ♣♣♣ ♣.......♣#.♣
♣§♣♣♣♣♣♣♣♣♣♣♣.♣#.♣
♣@.....R○°○.♣.♣#.§ ####
♣.♣♣♣♣♣♣♣♣♣☼♣.♣#.# ...# ♣D♣
♣☼♣)♣##. ##.# ♣z♣ ♣)♣.♣##.
#.# z.♣ ♣.♣....) #.# ♣!♣
♣z♣.♣##. #.# ♣.♣ ♣.♣.♣##.
##.# ♣.♣ ♣♣♣♣♣.♣.♣#.# ...#
...§§♣§♣#..


You could see an efreet, a steam dragon and 2 wights.

Vanquished Creatures
  A two-headed ogre (D:8)
  Pikel (D:4)
  An ugly thing (D:8)
  2 cyclopes (D:8)
  An unseen horror (D:9)
  A komodo dragon (Lair:1)
  2 slime creatures (D:8)
  2 wyverns (D:8)
  2 yaks (D:9)
  2 steam dragons (D:8)
  Menkaure (D:4)
  5 water moccasins
  An acid dragon (D:8)
  4 ice beasts
  2 ogres
  A laughing skull (D:8)
  3 centaurs (D:8)
  A phantom (D:6)
  Blork the orc (D:6)
  2 kobold brigands
  4 bullfrogs
  A gnoll sergeant (D:6)
  8 wights
  6 scorpions
  6 killer bees (D:8)
  4 hounds
  3 orc priests
  A bombardier beetle (D:7)
  A gnoll bouda (D:5)
  7 orc wizards
  An iguana (D:4)
  13 gnolls
  8 adders
  3 white imps
  4 ufetubi (D:5)
  A ribbon worm (D:3)
  21 orcs
  7 ball pythons
  4 endoplasms
  A giant cockroach (D:4)
  7 goblins
  5 hobgoblins
  2 jackals (D:4)
  8 kobolds
  3 quokkas (D:4)
  2 bats
  4 frilled lizards
  2 rats (D:3)
173 creatures vanquished.

Vanquished Creatures (others)
  An orc wizard (D:8)
  A shadow imp (D:8)
  A kobold (D:9)
3 creatures vanquished.

Grand Total: 176 creatures vanquished

Notes
Turn   | Place    | Note
-------+----------+-------------------------------------------
     0 | D:1      | jasper the Tengu Air Elementalist began the quest for the
                  | Orb.
     0 | D:1      | Reached XP level 1. HP: 10/10 MP: 4/4
   371 | D:1      | Reached XP level 2. HP: 16/16 MP: 3/6
  1207 | D:2      | Reached XP level 3. HP: 12/20 MP: 0/7
  1228 | D:2      | Reached skill level 1 in Fighting
  1232 | D:2      | Learned a level 2 spell: Static Discharge
  1236 | D:2      | Learned a level 3 spell: Swiftness
  1308 | D:2      | Reached XP level 4. HP: 17/25 MP: 0/8
  1504 | D:2      | Reached skill level 5 in Air Magic
  2235 | D:3      | Reached XP level 5. HP: 23/29 MP: 9/9
  3785 | D:4      | Noticed a lemure
  3785 | D:4      | Noticed a lemure
  3785 | D:4      | Noticed a lemure
  3785 | D:4      | Noticed Pikel
  3794 | D:5      | Entered Level 5 of the Dungeon
  3818 | D:5      | Reached skill level 6 in Air Magic
  3818 | D:5      | Reached XP level 6. HP: 3/35 MP: 10/10
  3931 | D:5      | Reached skill level 5 in Conjurations
  4120 | D:5      | Reached skill level 7 in Air Magic
  4120 | D:5      | Gained mutation: Your magical flight helps you evade
                  | attacks. (EV +4) [Tengu growth]
  4120 | D:5      | Reached XP level 7. HP: 38/40 MP: 11/11
  4705 | D:6      | Learned a level 4 spell: Airstrike
  4746 | D:6      | Reached skill level 8 in Air Magic
  5067 | D:6      | Reached XP level 8. HP: 48/48 MP: 12/12
  5154 | D:6      | Reached skill level 5 in Dodging
  5242 | D:6      | Reached skill level 9 in Air Magic
  5303 | D:6      | Found Zysodar's General Store.
  5353 | D:6      | Noticed Blork the orc
  5357 | D:6      | Killed Blork the orc
  5476 | D:6      | Bought 2 scrolls of teleportation for 78 gold pieces
  5476 | D:6      | Bought a potion of enlightenment for 65 gold pieces
  5476 | D:6      | Bought a potion of lignification for 39 gold pieces
  5476 | D:6      | Bought a scroll of identify for 26 gold pieces
  5798 | D:6      | Reached skill level 10 in Air Magic
  6204 | D:4      | Killed Pikel
  6205 | D:4      | Reached skill level 5 in Fighting
  6205 | D:4      | Reached skill level 11 in Air Magic
  6205 | D:4      | Reached XP level 9. HP: 54/54 MP: 6/13
  6354 | D:4      | Noticed Menkaure
  6357 | D:4      | Killed Menkaure
  6647 | D:4      | Found a snail-covered altar of Cheibriados.
  6653 | D:4      | Found a radiant altar of Vehumet.
  6661 | D:4      | Became a worshipper of Vehumet
  6666 | D:4      | Found a shimmering blue altar of Sif Muna.
  7551 | D:7      | Reached skill level 12 in Air Magic
  7631 | D:7      | Found a staircase to the Ecumenical Temple.
  7819 | D:8      | Found a staircase to the Lair.
  7969 | D:8      | HP: 2/55 [poisoned by a killer bee]
  8327 | D:8      | Noticed a two-headed ogre
  8364 | D:8      | Killed a two-headed ogre
  8365 | D:8      | Reached skill level 13 in Air Magic
  8365 | D:8      | Reached XP level 10. HP: 53/61 MP: 10/14
  8785 | D:8      | Noticed a cyclops
  8948 | D:9      | Killed an unseen horror
  9102 | Lair:1   | Entered Level 1 of the Lair of Beasts
  9106 | Lair:1   | Reached skill level 14 in Air Magic
  9289 | D:8      | Reached * piety under Vehumet
  9289 | D:8      | Offered knowledge of Sting by Vehumet.
  9467 | D:8      | Found Gozag's Platinum Reserve.
  9471 | D:8      | Found an opulent altar of Gozag.
  9962 | D:8      | Noticed a cyclops
 10120 | D:9      | Noticed Psyche
 10189 | D:8      | Killed a cyclops
 10190 | D:8      | Reached skill level 15 in Air Magic
 10190 | D:8      | Reached XP level 11. HP: 24/68 MP: 7/15
 10446 | D:8      | Killed a cyclops
 10614 | D:8      | Noticed a red ugly thing
 10632 | D:8      | Killed a red ugly thing
 10778 | D:8      | Killed from afar by an efreet

Illustrated notes

Levels and vault maps discovered:
D:1:      wander_arrival_peaceful_grave, layout_basic, columned_hall_lemuel
D:2:      layout_basic
D:3:      layout_basic, minmay_misc_feat_tower, ebering_dispersal_statue_hall,
          serial_bayou_lagoon_a
D:4:      layout_basic, minmay_overflow_temple_star_quad,
          serial_library_hellmonk_u_bend, uniq_pikel, uniq_menkaure
D:5:      layout_rooms
D:6:      layout_rooms, serial_shops, shop, uniq_blork_the_orc
D:7:      layout_loops_ring, temple_hall
D:8:      nzn_winding_woodlands_large [nzn_winding_woodlands_hourglass,
          nzn_winding_woodlands_5x15_pool,
          nzn_winding_woodlands_5x5_checkerboard,
          nzn_winding_woodlands_center_pierced_h,
          nzn_winding_woodlands_15x15_boxy_spiral,
          nzn_winding_woodlands_center_triple_pond,
          nzn_winding_woodlands_5x5_three, nzn_winding_woodlands_5x15_sawtooth,
          nzn_winding_woodlands_5x5_closed_star], layout_loops_ring,
          nicolae_gozag_zags_fifth_avenue
D:9:      layout_cave_pools, ebering_ghost_rock_garden, nrook_uturn,
          nicolae_titane, uniq_harold, uniq_psyche
Lair:1:   layout_cave_pods, grunt_forest_large_clearings, grunt_megastairs_4,
          uniq_erica

Skill      XL: |  1  2  3  4  5  6  7  8  9 10 11 |
---------------+----------------------------------+-----
Conjurations   | 2 3 4 5 |  5.0
Fighting       | 1 2 3 5 6 7 8 |  8.3
Air Magic      | 5 6 7 8 11 13 15 | 15.5
Dodging        | 3 4 6 7 9 |  9.4
Stealth        | |  2.0
Spellcasting   | |  2.0

Action                     |  1- 3 |  4- 6 |  7- 9 | 10-12 || total
---------------------------+-------+-------+-------+-------++-------
  Melee: Unarmed           |     3 |       |       |       ||     3
         Kick              |     1 |       |       |     1 ||     2
         Dagger            |     1 |     1 |       |     6 ||     8
         Short sword       |       |     1 |     1 |       ||     2
         Peck              |       |     1 |       |     2 ||     3
   Cast: Shock             |    40 |    95 |   144 |    77 ||   356
         Static Discharge  |     1 |    16 |    27 |    44 ||    88
         Airstrike         |       |       |    30 |    37 ||    67
  Evoke: Wand              |       |       |       |     1 ||     1
    Use: Potion            |     2 |     2 |     4 |     3 ||    11
         Scroll            |       |     7 |     8 |     4 ||    19
 Armour: Robe              |    10 |    44 |    55 |       ||   109
         Steam dragon scal |       |       |     4 |    11 ||    15
         Acid dragon scale |       |       |       |    76 ||    76
         Skin              |       |       |       |    12 ||    12
  Dodge: Dodged            |    16 |    37 |    62 |    57 ||   172

Table legend: (Time is in decaauts)
 A = Elapsed time spent in this place.
 B = Non-inter-level travel time spent in this place.
 C = Inter-level travel time spent in this place.
 D = Time resting spent in this place.
 E = Time spent auto-exploring this place.
 F = Levels seen in this place.
 G = Mean time per level.
                   A        B        C        D        E       F      G
               +--------+--------+--------+--------+--------+-----+--------+
         Total |  10790 |  10516 |    274 |   1170 |   8138 |  10 | 1079.0 |
       Dungeon |  10721 |  10447 |    274 |   1106 |   8138 |   9 | 1191.2 |
          Lair |     68 |     68 |      0 |     64 |      0 |   1 |   68.0 |
               +--------+--------+--------+--------+--------+-----+--------+

Top non-repeatable levels by time:
     D:8: 2891 daAuts
     D:6: 1358 daAuts
     D:3: 1193 daAuts
     D:1: 1125 daAuts
     D:4: 1121 daAuts
     D:2: 1080 daAuts
     D:5: 976 daAuts
     D:7: 940 daAuts
  Lair:1: 68 daAuts
     D:9: 34 daAuts
